 Dungeon Crawl Stone Soup version 0.20.0-15-g7f486f2 (webtiles) character file.

320 grindst0ne the Conjurer (level 6, -5/51 HPs)
             Began as a Draconian Conjurer on June 10, 2017.
             Shot with an arrow by a centaur (6 damage)
             ... on level 3 of the Dungeon.
             The game lasted 00:12:06 (4052 turns).

grindst0ne the Conjurer (Draconian Conjurer)        Turns: 4052, Time: 00:12:07

Health: -5/51      AC:  7    Str: 10    XL:     6   Next: 22%
Magic:  8/12       EV: 12    Int: 18    God:
Gold:   89         SH:  0    Dex: 11    Spells: 7/13 levels left

rFire    . . .     SeeInvis .   l - +0 war axe
rCold    . . .     Gourm    .   (no shield)
rNeg     . . .     Faith    .   (armour unavailable)
rPois    .         Spirit   .   (helmet restricted)
rElec    .         Reflect  .   (no cloak)
rCorr    .         Harm     .   o - +0 pair of gloves
MR       .....                  (no boots)
Stlth    ++........             (no amulet)
Regen    0.2/turn               (no ring)
MPRegen  0.2/turn               (no ring)

@: no status effects
A: unfitting armour, cold-blooded, AC +6
a: no special abilities


You were on level 3 of the Dungeon.
You were not hungry.

You visited 1 branch of the dungeon, and saw 3 of its levels.

You collected 89 gold pieces.

Inventory:

Hand Weapons
 l - a +0 war axe (weapon)
Armour
 o - a +0 pair of gloves (worn)
Wands
 m - a wand of iceblast (0/15)
 q - a wand of polymorph (12/24)
Scrolls
 e - 3 scrolls of identify {unknown}
 f - a scroll of fog {unknown}
 g - 2 scrolls of blinking {unknown}
 i - a scroll of remove curse {unknown}
 r - a scroll of noise {unknown}
Potions
 c - a potion of curing {unknown}
 d - a potion of berserk rage {unknown}
 k - a potion of haste {unknown}
 p - a potion of might {unknown}
Books
 a - a book of Conjurations

   Spells                             Type                      Level
   a - Magic Dart                     Conjuration                  1
   b - Searing Ray                    Conjuration                  2
   c - Dazzling Spray                 Conjuration/Hexes            3
   d - Fulminant Prism                Conjuration/Hexes            4
   e - Force Lance                    Conjuration/Translocation    4
   f - Iskenderun's Mystic Blast      Conjuration                  4
Comestibles
 b - a bread ration
 h - 2 meat rations
 j - a royal jelly
 n - 10 chunks of flesh


   Skills:
 - Level 3.2 Fighting
 - Level 1.7 Dodging
 - Level 1.7 Stealth
 + Level 4.1 Spellcasting
 + Level 5.4 Conjurations


You had 7 spell levels left.
You knew the following spells:

 Your Spells              Type           Power        Failure   Level  Hunger
a - Magic Dart            Conj           ###.         1%          1    None
b - Searing Ray           Conj           ###...       2%          2    ##.....
c - Dazzling Spray        Conj/Hex       ##....       14%         3    ###....


Dungeon Overview and Level Annotations

Branches:
Dungeon (3/15)

Altars:
Fedhas
Trog
Yredelemnul

Annotations:
D:3 grindst0ne's ghost, amateur DrCj


Innate Abilities, Weirdness & Mutations

Your plain brown scales are hard. (AC +6)
You cannot fit into any form of body armour.
You are cold-blooded and may be slowed by cold attacks.


Message History

The centaur shoots an arrow.
The arrow hits you!
You see here an arrow.
The centaur shoots an arrow.
The arrow hits you but does no damage.
You see here an arrow.
The centaur shoots an arrow.
The arrow hits you!
Grindst0ne's ghost points at you and mumbles some strange words.
The magic dart hits you!
You see here an arrow.
The centaur shoots an arrow.
The arrow hits you.
* * * LOW HITPOINT WARNING * * *
Grindst0ne's ghost points at you and mumbles some strange words.
The magic dart hits you!
* * * LOW HITPOINT WARNING * * *
You see here an arrow.
The centaur shoots an arrow.
The arrow barely misses you.
The centaur shoots an arrow.
The arrow hits you.
* * * LOW HITPOINT WARNING * * *
You see here an arrow.
The centaur shoots an arrow.
The arrow hits you.
You die...

#.# #....#..>.............. #.#
#....#................# #.#
#........##.###.......#
###.###........##.###.#.#...####.
.....)).))[.......#.(.(..........
###.###..........................
...............#...........?.....
###.###..))..#..(................
###.............@(.(W((.#.#......
.................................
###.###....######................
.......................c.........
..........########...............
..........# #...............
..........# ................
###'####..# ##...............
###.####.....


You could see a centaur and grindst0ne's ghost.

Vanquished Creatures
  A human (D:2)
  A hound (D:3)
  4 adders
  4 gnolls
  A dart slug (D:1)
  4 leopard geckos
  11 orcs (D:3)
  A ball python (D:1)
  A giant cockroach (D:3)
  5 goblins
  4 hobgoblins
  6 jackals
  8 kobolds
  2 quokkas (D:2)
  5 bats
  A frilled lizard (D:1)
  6 rats
65 creatures vanquished.

Vanquished Creatures (others)
  A giant cockroach (D:2)
1 creature vanquished.

Grand Total: 66 creatures vanquished

Notes
Turn   | Place    | Note
-------+----------+-------------------------------------------
     0 | D:1      | grindst0ne the Draconian Conjurer began the quest for the Orb.
     0 | D:1      | Reached XP level 1. HP: 14/14 MP: 3/3
    21 | D:1      | Reached skill level 1 in Fighting
   342 | D:1      | Reached XP level 2. HP: 24/24 MP: 0/5
  1042 | D:1      | Reached XP level 3. HP: 15/31 MP: 1/6
  1636 | D:2      | Learned a level 2 spell: Searing Ray
  1640 | D:2      | Learned a level 3 spell: Dazzling Spray
  1723 | D:2      | Found a runed door.
  1723 | D:2      | Noticed a human
  1728 | D:2      | Found a basalt altar of Yredelemnul.
  2573 | D:2      | Found a bloodstained altar of Trog.
  2619 | D:2      | Reached XP level 4. HP: 38/38 MP: 0/7
  2980 | D:2      | Killed a human
  2980 | D:2      | Reached skill level 5 in Conjurations
  2980 | D:2      | Reached XP level 5. HP: 32/45 MP: 3/10
  3634 | D:3      | Reached XP level 6. HP: 51/51 MP: 3/11
  3806 | D:3      | Found a blossoming altar of Fedhas.
  4038 | D:3      | Noticed grindst0ne's ghost (amateur DrCj)
  4051 | D:3      | HP: 1/51 [centaur/arrow (4)]
  4052 | D:3      | Shot with an arrow by a centaur

Skill      XL: |  1  2  3  4  5  6 |
---------------+-------------------+-----
Fighting       | 1 3 |  3.2
Spellcasting   | 3 4 |  4.1
Conjurations   | 5 |  5.4
Dodging        | |  1.7
Stealth        | |  1.7

Action                   |  1- 3 |  4- 6 || total
-------------------------+-------+-------++-------
Melee: Unarmed           |    96 |       ||    96
       Tailslap          |    12 |     5 ||    17
       War axe           |       |    47 ||    47
 Cast: Magic Dart        |    40 |    12 ||    52
       Searing Ray       |     5 |    15 ||    20
       Dazzling Spray    |       |     3 ||     3
Evoke: Wand              |       |     2 ||     2
 Stab: Sleeping          |     1 |       ||     1
       Invisible         |       |     2 ||     2
  Eat: Chunk             |     5 |     7 ||    12
Armor: Skin              |    28 |    23 ||    51
Dodge: Dodged            |    61 |    62 ||   123
